Map: Acid Plant LE

Players

NightEnD

  • Race: Protoss Protoss
  • Spawn Location: 5:00

SpeCial - Winner!

  • Race: Terran Terran
  • Spawn Location: 11:00

Event: WESG 2017 Haikou

VOD

Have the link to the VOD?

Description

Time

  • Played on: March 13, 2018, 12:44 a.m.
  • Length: 8:16

All games in this series

Show
View Real Time Build Order
Export as new Build Order

NightEnD Protoss 

Build Orders: 1 Gate Expand, Blink Stalkers 

Get SALT Encoding   

  12  0:00  Probe  
  13  0:13  Probe  
  14  0:19  Pylon  
  14  0:25  Probe  
  15  0:37  Probe (Chrono Boost)  
  15  0:38  Gateway  
  16  0:48  Probe (Chrono Boost)  
  17  0:50  Assimilator  
  17  0:53  Probe (Chrono Boost)  
  18  1:03  Probe  
  19  1:15  Probe  
  20  1:25  Nexus  
  20  1:35  Cybernetics Core  
  20  1:38  Probe  
  21  1:43  Assimilator  
  21  1:50  Probe  
  22  1:54  Pylon  
  22  2:02  Probe  
  23  2:10  Stalker (Chrono Boost), Probe  
  23  2:13  Warp Gate  
  26  2:19  Probe  
  26  2:26  Twilight Council  
  27  2:32  Probe (Chrono Boost)  
  28  2:37  Probe (Chrono Boost)  
  30  2:46  Stalker, Probe (Chrono Boost)  
  30  2:47  Probe (Chrono Boost)  
  33  2:51  Probe (Chrono Boost)  
  33  2:54  Probe  
  33  2:57  Blink (Chrono Boost)  
  35  3:11  Gateway  
  35  3:13  Gateway  
  35  3:18  Shield Battery  
  35  3:24  Stalker  
  37  3:28  Probe x2  
  39  3:36  Robotics Facility  
  39  3:40  Probe x2  
  41  3:44  Pylon  
  41  3:52  Probe x2, Pylon  
  43  4:04  Probe x2  
  45  4:16  Probe x2  
  47  4:17  Stalker x2  
  47  4:24  Observer (Chrono Boost)  
  52  4:27  Nexus  
  52  4:28  Probe x2  
  54  4:34  Pylon  
  54  4:36  Immortal (Chrono Boost)  
  54  4:40  Probe  
  54  4:41  Probe  
  60  4:47  Pylon  
  60  4:49  Assimilator  
  60  4:53  Probe, Assimilator  
  60  4:54  Probe  
  62  5:05  Charge  
  62  5:07  Forge  
  62  5:08  Probe  
  62  5:09  Observer  
  64  5:23  Probe  
  64  5:25  Protoss Ground Armor Level 1 (Chrono Boost)  
  65  5:34  Probe, Gateway  
  65  5:35  Probe, Gateway  
  67  5:37  Gateway  
  67  5:38  Gateway  
  67  5:41  Probe  
  68  5:44  Sentry  
  68  5:45  Sentry  
  68  5:46  Probe  
  68  5:47  Sentry, Probe  
  76  5:53  Probe  
  77  5:57  Observer (Chrono Boost)  
  77  5:59  Probe x2  
  80  6:06  Probe  
  80  6:09  Zealot x2  
  80  6:11  Zealot  
  87  6:12  Probe x2  
  87  6:13  Pylon  
  87  6:16  Pylon  
  88  6:18  Pylon  
  88  6:19  Probe  
  88  6:24  Probe, Pylon  
  90  6:31  Zealot, Immortal (Chrono Boost)  
  96  6:36  Stalker x2  
  96  6:39  Probe x2  
  101  6:47  Assimilator  
  101  6:49  Assimilator  
  101  6:52  Stalker  
  103  6:55  Probe  
  103  6:56  Probe  
  103  6:58  Pylon  
  103  6:59  Immortal (Chrono Boost)  
  109  7:05  Templar Archives  
  109  7:10  Zealot  
  109  7:11  Pylon  
  109  7:13  Zealot x2  
  109  7:14  Pylon  
  115  7:20  Probe  
  115  7:22  Probe x2  
  111  7:25  Zealot x3  
  109  7:31  Zealot x2  
  109  7:37  Zealot x2  
  86  7:45  Zealot  
  86  7:48  Zealot x2  
  82  7:54  Zealot x2  
  78  7:59  Zealot x2  
  76  8:07  Zealot  
  76  8:08  Zealot  
  76  8:11  Zealot  
Show
View Real Time Build Order
Export as new Build Order

SpeCial Terran - Winner!

Build Orders: Reaper Expand, MMM Bio 

Get SALT Encoding   

  12  0:00  SCV  
  13  0:13  SCV  
  14  0:18  Supply Depot  
  14  0:25  SCV  
  15  0:39  SCV  
  15  0:41  Barracks  
  16  0:45  Refinery  
  16  0:52  SCV  
  17  1:04  SCV  
  18  1:16  SCV  
  19  1:29  Reaper  
  19  1:30  Orbital Command  
  20  1:40  Command Center  
  20  1:49  Supply Depot  
  20  1:57  SCV  
  20  2:01  Marine  
  21  2:06  Factory  
  22  2:09  SCV  
  22  2:14  Refinery  
  23  2:21  SCV  
  24  2:23  Barracks Reactor  
  24  2:33  SCV  
  25  2:45  SCV  
  25  2:50  Starport  
  26  2:53  Orbital Command  
  26  2:57  SCV  
  29  2:58  Widow Mine  
  29  3:00  Marine x2  
  31  3:09  SCV  
  32  3:18  SCV, Marine x2  
  35  3:21  SCV  
  35  3:22  Widow Mine  
  38  3:27  Supply Depot  
  38  3:28  Medivac  
  38  3:30  SCV  
  38  3:34  SCV  
  42  3:37  Marine x2  
  44  3:41  Barracks  
  44  3:42  SCV  
  44  3:46  SCV, Factory Tech Lab  
  46  3:53  Supply Depot  
  46  3:54  SCV  
  47  3:56  Marine x2  
  47  3:58  SCV  
  50  4:06  SCV  
  51  4:10  SCV  
  51  4:11  Raven  
  51  4:12  Factory Tech Lab  
  54  4:18  SCV, Marine x2, Barracks  
  54  4:21  Engineering Bay  
  54  4:22  SCV, Supply Depot  
  58  4:31  SCV  
  59  4:33  Siege Tank  
  62  4:43  SCV x2, Marine  
  62  4:44  Marine  
  62  4:45  Supply Depot  
  66  4:49  Terran Infantry Weapons Level 1  
  66  4:54  Refinery  
  66  4:55  SCV x2  
  66  4:59  Marine  
  69  5:03  Stimpack  
  69  5:08  SCV x2  
  69  5:10  Barracks  
  69  5:11  Supply Depot, Barracks  
  69  5:13  Marine x2  
  72  5:17  Starport Reactor  
  72  5:20  SCV x2  
  72  5:21  Factory Reactor  
  74  5:25  Refinery  
  74  5:27  Supply Depot  
  74  5:28  Marine x2  
  76  5:31  Marine x2  
  78  5:36  Supply Depot x2  
  78  5:37  Combat Shields  
  78  5:43  SCV x2  
  78  5:46  Marauder  
  78  5:47  Marauder  
  78  5:49  Marine x2  
  86  5:52  Supply Depot  
  86  5:54  Medivac  
  88  5:59  Marine x2  
  88  6:02  Medivac  
  92  6:05  Widow Mine  
  92  6:07  Marine, Widow Mine  
  92  6:10  Marine, Supply Depot  
  92  6:11  Supply Depot  
  98  6:14  Marauder  
  98  6:16  Marine x2  
  102  6:22  Marauder  
  102  6:24  Marine  
  105  6:27  Medivac  
  105  6:28  Marine  
  105  6:32  Widow Mine, Supply Depot, Medivac  
  112  6:34  Marine, Supply Depot  
  112  6:37  Marine  
  114  6:42  Marine  
  114  6:46  Marine  
  115  6:52  Marauder  
  115  6:53  Widow Mine  
  120  6:55  Widow Mine  
  120  6:56  Marine, Concussive Shells  
  120  6:57  Command Center  
  120  7:00  Marine  
  125  7:02  Barracks Tech Lab, Barracks Reactor  
  125  7:04  Marine, Liberator  
  125  7:05  Supply Depot  
  124  7:13  Marine  
  124  7:14  Marine  
  126  7:16  Widow Mine  
  126  7:18  Marine  
  126  7:21  Marine  
  122  7:31  Marine  
  117  7:37  Marine x2  
  117  7:38  Marauder  
  117  7:39  SCV  
  119  7:44  Widow Mine  
  119  7:45  Widow Mine  
  119  7:47  SCV  
  126  7:54  Marine  
  126  7:55  Marauder  
  126  7:56  SCV  
  136  8:08  Supply Depot  
Tags
 
Add a new tag
Caveats
  • Supply blocks, unpowered buildings, or Contaminate may cause inaccurate times.
  • Supply counts are checked every 10 seconds.